 Dungeon Crawl Stone Soup version 0.25.0-10-g039870ee82 (webtiles) character file.

Game seed: 8344792200888861512

586 Flugkiller the Chopper (level 7, -2/66 HPs)
             Began as a Deep Dwarf Fighter on June 23, 2020.
             Slain by an ogre
             ... wielding a +0 giant spiked club
              (30 damage)
             ... on level 4 of the Dungeon.
             The game lasted 00:01:13 (1635 turns).

Flugkiller the Chopper (Deep Dwarf Fighter)         Turns: 1635, Time: 00:01:14

Health: -2/66      AC: 11    Str: 22    XL:     7   Next: 15%
Magic:  7/7        EV:  7    Int:  8    God:
Gold:   133        SH: 10    Dex: 12    Spells: 6/6 levels left

rFire    . . .     SeeInvis .   a - +0 war axe
rCold    . . .     Gourm    .   c - +0 kite shield
rNeg     . . .     Faith    .   b - +0 scale mail
rPois    .         Spirit   .   (no helmet)
rElec    .         Reflect  .   g - +2 cloak {Stlth+}
rCorr    .         Harm     .   n - +0 pair of gloves
MR       +....                  (no boots)
Stlth    ..........             (no amulet)
HPRegen  0.00/turn              (no ring)
MPRegen  0.10/turn              (no ring)

@: non-regenerating
A: damage resistance, heal wounds, sense surroundings 1, no regeneration
a: Heal Wounds


You were on level 4 of the Dungeon.
You were not hungry.

You visited 1 branch of the dungeon, and saw 4 of its levels.

You collected 133 gold pieces.

Inventory:

Hand Weapons
 a - a +0 war axe (weapon)
Armour
 b - a +0 scale mail (worn)
 c - a +0 kite shield (worn)
 g - a +2 cloak of stealth (worn)
   (You took it off Crazy Yiuf on level 3 of the Dungeon)
 l - a +0 cloak
   (You found it on level 3 of the Dungeon)
 n - a +0 pair of gloves (worn)
   (You found it on level 3 of the Dungeon)
Jewellery
 q - a cursed amulet of inaccuracy {unknown}
   (You found it on level 4 of the Dungeon)
Scrolls
 j - 2 scrolls of identify {unknown}
 k - a scroll of noise {unknown}
 o - a scroll of remove curse {unknown}
 r - a scroll of blinking {unknown}
Potions
 d - a potion of might
 f - 2 potions of flight {unknown}
 h - a potion of lignification {unknown}
 i - a potion of berserk rage {unknown}
 m - 2 potions of stabbing {unknown}
 s - 2 potions of invisibility {unknown}
 t - a potion of curing {unknown}
Comestibles
 e - 6 rations
 p - 8 chunks of flesh


   Skills:
 * Level 4.8 Fighting
 * Level 5.2 Axes
 + Level 4.7 Armour
 + Level 4.7 Shields


You had 6 spell levels left.
You didn't know any spells.
Your spell library was empty.

Dungeon Overview and Level Annotations

Branches:
Dungeon (4/15)
 Temple: D:4-7

Altars:
Ashenzari
Cheibriados
Elyvilon
Hepliaklqana
Kikubaaqudgha
Nemelex Xobeh
Qazlal
Sif Muna
Uskayaw
Xom
Zin
The Shining One


Innate Abilities, Weirdness & Mutations

You are resistant to damage.
You can heal yourself by infusing magical energy.
You passively map a small area around you.
You do not regenerate.


Message History

There is an open door here.
Found a stone staircase leading up.
Found a short sword.
j - 2 scrolls labeled LOIMMA ARPHE (gained 1)
An ogre comes into view. It is wielding a +0 giant spiked club.
The ogre shouts!
An ogre is nearby!
The ogre hits you with a +0 giant spiked club!
You hit the ogre but do no damage.
The ogre hits you with a +0 giant spiked club!
You hit the ogre.
The ogre is moderately wounded.
The ogre barely misses you.
You hit the ogre.
The ogre is heavily wounded.
The ogre hits you with a +0 giant spiked club!
You closely miss the ogre.
The ogre is heavily wounded.
The ogre hits you with a +0 giant spiked club!!
You die...

#.# * #......# #)..... #.# #. ,
#...... #.# #. ##...... #.# ..
, , , ....... #.# #. * *
*#...... #.# #.* , , ,+......
#.# ####.#+#########...... #.#
#..................<#+ #.#
#...O@...##########.# #.#
#........+..........# #.#
#......#######'#######
##.#######......#.............#
#........#......#.............#
########.########.............#
#......#.# #......8......#
##.###.#.# #....##.##....# #.#
#.#รท# #....#...#....#


You could see an ogre.

Vanquished Creatures
  Sigmund (D:4)
  An ogre (D:4)
  A bullfrog (D:4)
  A crimson imp (D:3)
  3 orc wizards
  Crazy Yiuf (D:3)
  A bullfrog skeleton (D:3)
  An iguana (D:4)
  3 adders
  An adder skeleton (D:4)
  3 worms
  2 leopard geckos
  7 orcs
  3 giant cockroaches
  5 goblins
  3 hobgoblins
  A quokka (D:4)
  A bat (D:3)
  6 frilled lizards
  2 kobolds (D:3)
  2 quokka skeletons (D:4)
49 creatures vanquished.

Notes
Turn   | Place    | Note
-------+----------+-------------------------------------------
     0 | D:1      | Flugkiller the Deep Dwarf Fighter began the quest for the
                  | Orb.
     0 | D:1      | Reached XP level 1. HP: 20/20 MP: 1/1
   119 | D:2      | Found a faded altar of an unknown god.
   134 | D:2      | Reached XP level 2. HP: 25/28 MP: 2/2
   246 | D:3      | Reached XP level 3. HP: 34/34 MP: 3/3
   371 | D:3      | Found an ancient bone altar of Kikubaaqudgha.
   401 | D:3      | Reached skill level 3 in Axes
   410 | D:3      | Reached XP level 4. HP: 41/42 MP: 4/4
   474 | D:3      | Reached XP level 5. HP: 45/50 MP: 5/5
   720 | D:3      | Found a runed translucent door.
   721 | D:3      | Noticed Crazy Yiuf
  1013 | D:3      | Killed Crazy Yiuf
  1013 | D:3      | Reached skill level 4 in Axes
  1286 | D:4      | Reached XP level 6. HP: 45/57 MP: 6/6
  1322 | D:4      | Noticed Sigmund
  1363 | D:4      | Killed Sigmund
  1363 | D:4      | Reached skill level 5 in Axes
  1407 | D:4      | Found a glowing silver altar of Zin.
  1409 | D:4      | Found a shattered altar of Ashenzari.
  1418 | D:4      | Found a snail-covered altar of Cheibriados.
  1419 | D:4      | Found a hazy altar of Hepliaklqana.
  1420 | D:4      | Found a glowing golden altar of the Shining One.
  1420 | D:4      | Found a white marble altar of Elyvilon.
  1420 | D:4      | Found a shimmering altar of Xom.
  1420 | D:4      | Found a stormy altar of Qazlal.
  1420 | D:4      | Found a hide-covered altar of Uskayaw.
  1422 | D:4      | Found a shimmering blue altar of Sif Muna.
  1427 | D:4      | Found a sparkling altar of Nemelex Xobeh.
  1590 | D:4      | Reached XP level 7. HP: 46/66 MP: 7/7
  1635 | D:4      | Slain by an ogre

Illustrated notes

Levels and vault maps discovered:
D:1:      mushboom_english_gardens, layout_basic, serial_forest,
          infiniplex_forest_diagonal, infiniplex_forest_clump_double,
          infiniplex_forest_clump_curved, infiniplex_forest_lined_3
D:2:      layout_basic, chequers_ecumenical_altar_simple, first_ration,
          serial_bayou_pond_a, lemuel_old_faithful, uniq_natasha
D:3:      layout_loops_cross, lemuel_doored_altar, kennysheep_minor_cross,
          hex_medium, uniq_crazy_yiuf_cottage
D:4:      layout_basic, minitemple, kennysheep_generic_room_2, uniq_sigmund

Skill      XL: |  1  2  3  4  5  6 |
---------------+-------------------+-----
Fighting       | 3 4 |  4.8
Axes           | 3 4 5 |  5.2
Armour         | 4 |  4.7
Shields        | 4 |  4.7

Action                   |  1- 3 |  4- 6 |  7- 9 || total
-------------------------+-------+-------+-------++-------
Melee: War axe           |    86 |   132 |     4 ||   222
 Abil: Heal Wounds       |     1 |     3 |       ||     4
  Eat: Chunk             |       |     3 |       ||     3
Armor: Scale mail        |    32 |    47 |       ||    79
Dodge: Dodged            |    20 |    35 |     1 ||    56
Block: Kite shield       |    43 |    75 |       ||   118
